 Dungeon Crawl Stone Soup version 0.29.0-13-gc9e81de378 (webtiles) character file.

Game seed: 14610161132254043523

232 sasquatch the Poker (level 5, -4/57 HPs)
             Began as a Demonspawn Gladiator on Sept 7, 2022.
             Slain by a wight
             ... wielding a +4 dire flail
              (10 damage)
             ... on level 4 of the Dungeon.
             The game lasted 00:03:39 (3501 turns).

sasquatch the Poker (Demonspawn Gladiator)          Turns: 3501, Time: 00:03:40

Health: -4/57      AC:  4    Str: 14    XL:     5   Next: 73%
Magic:  5/5        EV: 12    Int: 10    God:
Gold:   198        SH:  0    Dex: 16    Spells: 4/4 levels left

rFire   . . .      SeeInvis .   a - +0 trident
rCold   . . .      Faith    .   (no shield)
rNeg    . . .      Spirit   .   b - +0 leather armour
rPois   .          Reflect  .   c - +0 helmet
rElec   .          Harm     .   (no cloak)
rCorr   .          Rampage  .   (no gloves)
Will    .....                   (no boots)
Stlth   ..........              (no amulet)
HPRegen 0.19/turn               (no ring)
MPRegen 0.09/turn               (no ring)

@: berserking, very quick
A: claws 2
a: no special abilities


You were on level 4 of the Dungeon.
You visited 1 branch of the dungeon, and saw 4 of its levels.

You collected 198 gold pieces.

Inventory:

Hand Weapons
 a - a +0 trident (weapon)
Missiles
 d - 3 throwing nets (quivered)
 e - a javelin
Armour
 b - a +0 leather armour (worn)
 c - a +0 helmet (worn)
 i - a +0 buckler
Wands
 p - a wand of roots (6)
Scrolls
 g - 7 scrolls of noise {unknown}
 h - a scroll of enchant armour {unknown}
 m - a scroll of enchant weapon {unknown}
 r - a scroll of blinking {unknown}
 u - 3 scrolls of identify {unknown}
 v - a scroll of magic mapping {unknown}
Potions
 f - a potion of lignification {unknown}
 j - a potion of curing
 k - a potion of berserk rage
 l - a potion of flight {unknown}
 n - a potion of attraction {unknown}
 o - a potion of heal wounds {unknown}
 q - a potion of ambrosia {unknown}
 s - a potion of might {unknown}
 t - a potion of degeneration {unknown}
 w - a potion of brilliance {unknown}


   Skills:
 - Level 2.0 Fighting
 + Level 6.0 Polearms
 - Level 1.7 Throwing
 - Level 2.6 Dodging


You had 4 spell levels left.
You didn't know any spells.
Your spell library was empty.

Dungeon Overview and Level Annotations

Branches:
Dungeon (4/15)
 Temple: D:4-7

Altars:
Hepliaklqana
Trog

Annotations:
D:3 2 transporters, greasedhog's ghost, weakling DEAK


Innate Abilities, Weirdness & Mutations

You have very sharp fingernails.


Message History

You hit the centaur but do no damage. The centaur hits you.
The centaur kicks you but does no damage.
A wight comes into view. It is wielding a +4 dire flail.
The centaur closely misses you. x2
You hit the centaur.
The centaur is lightly wounded.
The centaur closely misses you. The centaur kicks you.
You barely miss the centaur.
The centaur is lightly wounded.
The centaur hits you.
* * * LOW HITPOINT WARNING * * *
The centaur barely misses you. x2; The centaur misses you.
You hit the centaur.
The centaur is moderately wounded.
The centaur hits you but does no damage.
The centaur barely misses you.
You barely miss the centaur.
The centaur is moderately wounded.
The centaur barely misses you. The centaur completely misses you.
The dart slug launches a dart at you. The slug dart hits you.
* * * LOW HITPOINT WARNING * * *
The centaur barely misses you.
The centaur kicks you but does no damage.
Unknown command.
A red film seems to cover your vision as you go berserk!
You feel yourself moving faster!
You feel mighty! The centaur completely misses you.
The centaur closely misses you.
You hit the centaur.
The centaur is heavily wounded.
The centaur hits you but does no damage.
The centaur kicks you.
* * * LOW HITPOINT WARNING * * *
You puncture the centaur!
You kill the centaur!
Your Polearms skill increases to level 6!
You puncture the wight!
The wight is severely damaged.
The wight hits you with a +4 dire flail!
You die...

.......#....'.......... .
......#....#.......... ..
#...###..†##..#######
...##...###...#####......
#................#......
#................'......
#................#......
.#.#####)####'##..#......
......wz@.#...#########..
.#......).#....# #..
#........#....# #..
#........#....# #..
#.........###### #..
..######... ### . #....
#.....


You could see a wight and a dart slug.

Vanquished Creatures
  A centaur (D:4)
  A hound (D:4)
  3 gnolls (D:3)
  4 adders
  3 worms
  6 endoplasms
  2 giant cockroaches
  5 goblins
  6 hobgoblins
  A quokka (D:1)
  10 ball pythons
  4 bats
  4 frilled lizards
  6 kobolds
  4 rats
60 creatures vanquished.

Notes
Turn   | Place    | Note
-------+----------+-------------------------------------------
     0 | D:1      | sasquatch the Demonspawn Gladiator began the quest for the
                  | Orb.
     0 | D:1      | Reached XP level 1. HP: 16/16 MP: 1/1
   165 | D:1      | Reached skill level 3 in Polearms
   247 | D:1      | Gained mutation: You have sharp fingernails. [demonic
                  | ancestry]
   247 | D:1      | Reached XP level 2. HP: 22/22 MP: 2/2
   987 | D:2      | You fall into a shaft and drop 1 floor!
  1063 | D:3      | Reached XP level 3. HP: 23/27 MP: 3/3
  1132 | D:2      | Reached skill level 4 in Polearms
  1996 | D:3      | Reached XP level 4. HP: 25/33 MP: 4/4
  2526 | D:3      | Found a bloodstained altar of Trog.
  2622 | D:3      | Reached skill level 5 in Polearms
  3220 | D:3      | Found a transporter.
  3221 | D:3      | Found a transporter.
  3221 | D:3      | Noticed an ogre
  3221 | D:3      | Noticed greasedhog's ghost (weakling DEAK)
  3304 | D:3      | Found a hazy altar of Hepliaklqana.
  3439 | D:4      | Gained mutation: You have very sharp fingernails. [demonic
                  | ancestry]
  3439 | D:4      | Reached XP level 5. HP: 37/38 MP: 5/5
  3477 | D:4      | Found the amulet of Vitality {RegenMP++ Regen++}
  3478 | D:4      | Noticed a centaur
  3500 | D:4      | Killed a centaur
  3501 | D:4      | Reached skill level 6 in Polearms
  3501 | D:4      | Slain by a wight

Illustrated notes

Levels and vault maps discovered:
D:1:      minmay_arrival_up_and_down, layout_basic, serial_curves,
          eino_curves_03, eino_curves_02
D:2:      layout_basic, kennysheep_path_1
D:3:      layout_basic, amcnicky_altar_gilded, nzn_hepliaklqana_mist_gate,
          gammafunk_ghost_smash
D:4:      layout_gridville, okawaru_metal_pillars_3,
          minmay_manual_mandibuliform, uniq_pikel

Skill      XL: |  1  2  3  4  5 |
---------------+----------------+-----
Polearms       | 3 4 5 6 |  6.0
Fighting       | |  2.0
Throwing       | |  1.7
Dodging        | |  2.6

Action                   |  1- 3 |  4- 6 || total
-------------------------+-------+-------++-------
Melee: Trident           |   125 |    83 ||   208
  Use: Potion            |       |     3 ||     3
 Stab: Sleeping          |     1 |     1 ||     2
Armor: Leather armour    |    32 |    14 ||    46
Dodge: Dodged            |    60 |    37 ||    97
